 Dungeon Crawl Stone Soup version 0.21-a0-346-g330ab2c (webtiles) character file.

46 Amnesiac the Digger (level 3, 0/19 HPs)
             Began as a Deep Elf Earth Elementalist on Oct 5, 2017.
             Killed by a magical explosion (4 damage)
             ... on level 1 of the Dungeon.
             The game lasted 00:05:44 (2346 turns).

Amnesiac the Digger (Deep Elf Earth Elementalist)   Turns: 2346, Time: 00:05:44

Health: 0/19       AC:  9    Str:  1      XL:     3   Next: 46%
Magic:  0/8        EV: -5    Int: 18      God:
Gold:   75         SH:  0    Dex: 14 (15) Spells: 7/8 levels left

rFire    . . .     SeeInvis .   (no weapon)
rCold    . . .     Gourm    .   (no shield)
rNeg     . . .     Faith    .   v - +0 chain mail
rPois    .         Spirit   .   (no helmet)
rElec    .         Reflect  .   (no cloak)
rCorr    .         Harm     .   (no gloves)
MR       +....     Rnd*Rage +   f - +0 pair of boots Stlth ..........Rnd*Tele +
                                (no amulet)
HPRegen  0.06/turn              (no ring)
MPRegen  0.11/turn              (no ring)

@: contaminated, glowing
A: talons 1, berserk 1, blurry vision 1, dopey 1, frail 1, low mp 1, magic
resistance 1, mutation resistance 1, teleportitis 1, weak 2, subdued magic 1,
sturdy frame 1
a: no special abilities


You were on level 1 of the Dungeon.
You were not hungry.

You visited 1 branch of the dungeon, and saw 2 of its levels.

You collected 75 gold pieces.

Inventory:

Missiles
 b - 65 stones (quivered)
Armour
 c - a +0 robe
 f - a +0 pair of boots (worn)
 r - a +0 scale mail
 v - a +0 chain mail (worn)
Jewellery
 i - an uncursed ring of ice {unknown}
 p - an uncursed ring of protection from cold {unknown}
Scrolls
 g - a scroll of fear {!r, unknown}
 j - 2 scrolls of immolation {!r, unknown}
 n - a scroll of magic mapping {!r, unknown}
 o - a scroll of fog {!r, unknown}
 q - 2 scrolls of enchant weapon {!r, unknown}
 s - a scroll of random uselessness {!r, unknown}
Potions
 a - a potion of ambrosia {!q, unknown}
 k - a potion of curing {!q, unknown}
 l - a potion of heal wounds {!q, unknown}
 m - a potion of magic {!q, unknown}
 t - a potion of invisibility {!q, unknown}
 u - a potion of brilliance {!q, unknown}
Books
 e - a book of Geomancy

   Spells                             Type                      Level
   a - Sandblast                      Earth                        1
   b - Passwall                       Transmutation/Earth          2
   c - Stone Arrow                    Conjuration/Earth            3
   d - Petrify                        Transmutation/Earth          4
   e - Lee's Rapid Deconstruction     Earth                        5


   Skills:
 + Level 2.6 Fighting
 - Level 2.4 Dodging
 - Level 2.4 Stealth
 - Level 3.0 Spellcasting
   Level 1.1 Transmutations
 - Level 3.2 Earth Magic


You had 7 spell levels left.
You knew the following spells:

 Your Spells              Type           Power        Failure   Level  Hunger
a - Sandblast             Erth           ##....       100%        1    None


Dungeon Overview and Level Annotations

Branches:
Dungeon (2/15)

Altars:
Okawaru


Innate Abilities, Weirdness & Mutations

You have sharp toenails.
You tend to lose your temper in combat.
Scrolls take you a little longer to read.
You are dopey. (Int -2)
You are frail. (-10% HP)
Your magical capacity is low. (-10% MP)
You are resistant to hostile enchantments. (MR+)
You are somewhat resistant to further mutation.
You are occasionally teleported next to monsters.
You are very weak. (Str -4)
Your spells are a little easier to cast, but a little less powerful.
Your movements are slightly less encumbered by armour. (ER -2)


Message History

Aiming: Sandblast
Press: ? - help, Shift-Dir - straight line, f/p - hobgoblin
Aim: a hobgoblin, wielding a club You miscast Sandblast.
The floor shifts beneath you alarmingly!
The hobgoblin hits you but does no damage.
The hobgoblin hits you with a club.
You don't have enough magic to cast Sandblast!
Your chain mail prevents you from hitting the hobgoblin.
The hobgoblin hits you with a club.
Your chain mail prevents you from hitting the hobgoblin.
The hobgoblin hits you with a club.
Your chain mail prevents you from hitting the hobgoblin.
The hobgoblin hits you but does no damage. x2
Your chain mail prevents you from hitting the hobgoblin.
The hobgoblin completely misses you.
The hobgoblin hits you but does no damage.
A goblin comes into view. It is wielding a dagger.
The goblin shouts!
Casting: Sandblast
Confirm with . or Enter, or press ? or * to list all spells.
Aiming: Sandblast
Press: ? - help, Shift-Dir - straight line, f/p - hobgoblin
Aim: a hobgoblin, wielding a club You miscast Sandblast.
The floor shifts beneath you alarmingly!
The hobgoblin hits you but does no damage.
Your chain mail prevents you from hitting the hobgoblin.
The hobgoblin hits you but does no damage.
Casting: Sandblast
Confirm with . or Enter, or press ? or * to list all spells.
Aiming: Sandblast
Press: ? - help, Shift-Dir - straight line, f/p - hobgoblin
Aim: a hobgoblin, wielding a club You miscast Sandblast.
Sand pours from your hands.
The hobgoblin hits you but does no damage.
Your chain mail prevents you from hitting the hobgoblin.
The hobgoblin hits you but does no damage.
The hobgoblin hits you with a club.
* * * LOW HITPOINT WARNING * * *
Casting: Sandblast
Confirm with . or Enter, or press ? or * to list all spells.
Aiming: Sandblast
Press: ? - help, Shift-Dir - straight line, f/p - hobgoblin
Aim: a hobgoblin, wielding a club You miscast Sandblast.
Nothing appears to happen.
The hobgoblin hits you with a club.
* * * LOW HITPOINT WARNING * * *
There is a stone staircase leading up here.
There are no items here.
The hobgoblin hits you but does no damage.
You climb upwards.
There is a stone staircase leading down here.
Casting: Sandblast
Confirm with . or Enter, or press ? or * to list all spells.
Aiming: Sandblast
Press: ? - help, Shift-Dir - straight line, f - hobgoblin
Aim: a hobgoblin, wielding a club You miscast Sandblast.
You momentarily stiffen.
The hobgoblin hits you with a club.
* * * LOW HITPOINT WARNING * * *
Your body shudders with the violent release of wild energies!
The magical storm engulfs you!
You die...

#.#..##...##.#.#.#
#.#.....#....#.#.#
#.##.......#...[.#
.......##..#.#.###
##.####. #....#.#
+#.....#. #...##.#
....##.#. #.#.##.#
........ ...#.##.#
.....########..#@#
.........# #..#g#
.......#+#####.#.#
...##............#
'#..+............#
.#.##.........#..#
.#.#######......>#
.#.#............##
.#.#............#


You could see a hobgoblin.

Vanquished Creatures
  2 worms (D:2)
  A dart slug (D:1)
  3 leopard geckos
  A giant cockroach (D:1)
  4 hobgoblins
  2 jackals (D:1)
  2 quokkas (D:2)
  4 bats (D:1)
  5 frilled lizards
  3 goblins (D:1)
  4 kobolds
  6 rats
37 creatures vanquished.

Notes
Turn   | Place    | Note
-------+----------+-------------------------------------------
     0 | D:1      | Amnesiac the Deep Elf Earth Elementalist began the quest for the Orb.
     0 | D:1      | Reached XP level 1. HP: 10/10 MP: 6/6
   110 | D:1      | Reached skill level 1 in Fighting
   121 | D:1      | Reached XP level 2. HP: 12/16 MP: 1/8
   223 | D:1      | Found an iron altar of Okawaru.
   603 | D:1      | Reached XP level 3. HP: 21/21 MP: 7/9
  1177 | D:2      | Gained mutation: Your magical capacity is low. (-10% MP) [mutagenic glow]
  1262 | D:2      | Gained mutation: You tend to lose your temper in combat. [mutagenic glow]
  1307 | D:2      | Gained mutation: Your body sometimes deteriorates upon taking damage. [mutagenic glow]
  1398 | D:2      | Gained mutation: You are frail. (-10% HP) [mutagenic glow]
  1450 | D:2      | Gained mutation: Your movements are slightly less encumbered by armour. (ER -2) [mutagenic glow]
  1477 | D:2      | Lost mutation: You are frail. (-10% HP) [mutagenic glow]
  1567 | D:2      | Gained mutation: Your magical capacity is very low. (-20% MP) [mutagenic glow]
  1661 | D:2      | Gained mutation: Your spells are a little easier to cast, but a little less powerful. [mutagenic glow]
  1685 | D:2      | Gained mutation: Scrolls take you a little longer to read. [mutagenic glow]
  1730 | D:2      | Gained mutation: You are resistant to hostile enchantments. (MR+) [mutagenic glow]
  1799 | D:2      | Gained mutation: You are frail. (-10% HP) [mutagenic glow]
  1834 | D:2      | Lost mutation: Your body sometimes deteriorates upon taking damage. [mutagenic glow]
  1862 | D:2      | Lost mutation: Your magical capacity is very low. (-20% MP) [mutagenic glow]
  1954 | D:2      | Gained mutation: You are weak. (Str -2) [mutagenic glow]
  2043 | D:2      | Gained mutation: You are occasionally teleported next to monsters. [mutagenic glow]
  2084 | D:2      | Gained mutation: You are very weak. (Str -4) [mutagenic glow]
  2129 | D:2      | Gained mutation: You are somewhat resistant to further mutation. [mutagenic glow]
  2233 | D:2      | Gained mutation: You have sharp toenails. [mutagenic glow]
  2253 | D:2      | Gained mutation: You are dopey. (Int -2) [mutagenic glow]
  2346 | D:1      | Killed by a magical explosion

Vault maps used:
D:1:      dpeg_arrival_lava_temple_mockup, okawaru_ov_weapons_minmay
D:2:      minmay_ruptured

Skill      XL: |  1  2 |
---------------+-------+-----
Fighting       | 1 2 |  2.6
Dodging        | |  2.4
Stealth        | |  2.4
Spellcasting   | |  3.0
Transmutations | |  1.1
Earth Magic    | |  3.2

Action                   || total
-------------------------++-------
Melee: Unarmed           ||     6
 Cast: Sandblast         ||    55
  Eat: Fruit             ||     3
       Bread ration      ||     1
       Chunk             ||     1
Armor: Chain mail        ||    11
Dodge: Dodged            ||     5

Table legend:
 A = Spawn XP
 B = Non-spawn XP
 C = Spawn XP percentage of total XP
 D = Spawn monster count
 E = Non-spawn monster count
 F = Spawn count percentage of total count
 G = Total turns spent on level
                    A         B        C        D         E        F      G
               +---------+---------+-------+---------+---------+-------+---------
         Total |       0 |      67 |   0.0 |       0 |      37 |   0.0 |  2346
               +---------+---------+-------+---------+---------+-------+---------
           D:1 |       0 |      41 |   0.0 |       0 |      25 |   0.0 |   709
           D:2 |       0 |      26 |   0.0 |       0 |      12 |   0.0 |  1637
               +---------+---------+-------+---------+---------+-------+---------
